 Dungeon Crawl Stone Soup version 0.16.1-29-g3e760ad (webtiles) character file.

8927 Golfball the Basher (level 11, -2/68 HPs)
             Began as a Gargoyle Berserker on June 8, 2015.
             Was a High Priest of Trog.
             Slain by a hill giant
             ... wielding a +0 giant club
              (12 damage)
             ... on level 10 of the Dungeon.
             The game lasted 01:05:57 (10225 turns).

Golfball the Basher (Gargoyle Berserker)           Turns: 10225, Time: 01:05:57

Health: -2/68      AC: 29    Str: 27    XL:     11   Next: 38%
Magic:  18/18      EV: 12    Int:  8    God:    Trog [*****.]
Gold:   325        SH:  0    Dex:  9    Spells: 0 memorised, 10 levels left

rFire  + . .     SeeInvis .     H - +2 flail (protect)
rCold  . . .     Clarity  +     G - +0 scale mail {rC+}
rNeg   + . .     SustAb   .     (no shield)
rPois  ∞         Gourm    .     (no helmet)
rElec  +         Spirit   .     (no cloak)
rCorr  .         Warding  .     O - +2 pair of gloves {Str+3}
rMut   .         Stasis   .     o - +0 pair of boots
MR     .....                    R - amulet of clarity
Stlth  ..........               J - ring of fire
                                g - +4 ring of protection

@: not resistant to hostile enchantments, extremely unstealthy
A: negative energy resistance 1, regeneration 1, electricity resistance,
unbreathing, petrification resistance, rot immunity, MP-powered wands 1, AC +7
a: Burn Spellbooks, Berserk, Trog's Hand, Brothers in Arms, Renounce Religion


You were on level 10 of the Dungeon.
You worshipped Trog.
Trog was extremely pleased with you.
You were not hungry.

You visited 2 branches of the dungeon, and saw 11 of its levels.

You collected 677 gold pieces.
You spent 352 gold pieces at shops.

Inventory:

Hand weapons
 a - a +2 mace
 H - a +2 flail of protection (weapon)
 N - a +2 shortbow of flaming
Missiles
 n - 26 tomahawks
 x - 2 silver tomahawks
 z - 5 steel tomahawks
 A - 7 tomahawks of returning (quivered)
Armour
 o - a +0 pair of boots (worn)
 s - a +0 plate armour
 G - a +0 scale mail of cold resistance (worn)
 L - a troll hide
 O - a +2 pair of gloves of strength (worn)
Jewellery
 g - a +4 ring of protection (left hand)
 J - a ring of fire (right hand)
 P - an uncursed ring of invisibility
 R - an amulet of clarity (around neck)
 T - an uncursed ring of ice
Magical devices
 d - a wand of random effects (14)
 q - a wand of draining (4)
 r - a wand of slowing (12)
 y - a wand of cold (13)
 C - a wand of paralysis (19)
 I - a wand of draining (12)
 M - a wand of magic darts (27)
 Q - a wand of random effects (12)
 S - a wand of polymorph (17)
Scrolls
 h - a scroll of fear
 m - 2 scrolls of magic mapping
 t - a scroll of recharging
 w - a scroll of remove curse
 F - a scroll of fog
Potions
 b - a potion of haste
 e - a potion of invisibility
 i - a potion of might
 k - a potion of heal wounds
 l - 3 potions of curing
 B - a potion of brilliance
 D - a potion of cancellation
 E - a potion of mutation
Miscellaneous
 v - a plain deck of wonders {drawn: 1}
Comestibles
 c - 6 bread rations
 f - 10 royal jellies
 j - 6 meat rations
 K - a beef jerky


   Skills:
 + Level 7.7 Fighting
 + Level 11.6 Maces & Flails
 + Level 4.3 Throwing
 + Level 7.6 Armour
 + Level 6.0 Dodging
 * Level 4.5 Evocations


You had 10 spell levels left.
You didn't know any spells.

Dungeon Overview and Level Annotations

Branches:
Dungeon (10/15)            Temple (1/1) D:7
   Lair: D:8-11         Orc: D:9-12

Altars:
Ashenzari
Cheibriados
Dithmenos
Elyvilon
Fedhas
Gozag
Kikubaaqudgha
Makhleb
Nemelex Xobeh
Okawaru
Qazlal
Ru
Sif Muna
Trog
Vehumet
Xom
Yredelemnul
Zin
The Shining One

Shops:
D:10 *


Innate Abilities, Weirdness & Mutations

You are resistant to torment.
You are immune to poison.
Your stone body is very resilient (AC +7).
You resist negative energy.
You are resistant to electric shocks.
You can survive without breathing.
You are immune to petrification.
You are immune to rotting.
Your natural rate of healing is unusually fast.
You expend magic power (3 MP) to slightly strengthen your wands.


Message History

The orc closely misses you.
You sock the hill giant!
The hill giant is severely wounded.
The hill giant barely misses you.
The orc warrior hits you with a long sword.
* * * LOW HITPOINT WARNING * * *
The orc misses you.
You hit the hill giant.
The hill giant is severely wounded.
The hill giant hits you with a giant club.
* * * LOW HITPOINT WARNING * * *
You hit the hill giant.
The hill giant is severely wounded.
The orc warrior hits you with a long sword.
* * * LOW HITPOINT WARNING * * *
The orc hits you but does no damage.
You thump the hill giant!
The hill giant is almost dead.
The hill giant hits you with a giant club!
You die...

#......##.†.....
#......##)......
#......##.......
###......##.......
#........$........
#...(....(........
#............†....
#oo.B.............
#@Co#######.......
##### #.......
########


You could see a hill giant, a goliath beetle, an orc warrior and 2 orcs.

Vanquished Creatures
  Fannar (D:10)
  An orc knight (D:10)
  2 trolls
  Prince Ribbit (D:9)
  A hungry ghost (D:10)
  7 yaks
  2 hippogriffs
  2 water moccasins
  4 orc warriors
  4 sky beasts
  A black bear (D:8)
  3 ogres
  6 centaurs
  3 phantoms
  4 ice beasts
  Duvessa (D:7)
  A crocodile (D:9)
  14 big kobolds
  Blork the orc (D:9)
  3 giant frogs
  A scorpion (D:6)
  4 wights (D:8)
  7 killer bees
  2 crimson imps
  6 jellies
  Dowan (D:7)
  A centaur zombie (D:5)
  A centaur skeleton (D:7)
  4 hounds
  8 orc priests
  A gnoll shaman (D:10)
  3 giant frog skeletons
  3 orc wizards
  9 worker ants
  A killer bee zombie (D:7)
  Ijyb (D:6)
  A hound skeleton (D:7)
  2 mummies
  17 gnolls
  2 worker ant zombies (D:8)
  8 adders
  4 giant mites
  A shadow imp (D:5)
  5 worms
  An adder skeleton (D:6)
  8 giant geckos
  6 oozes
  42 orcs
  A ball python (D:8)
  4 giant cockroaches
  20 hobgoblins
  3 jackals (D:7)
  4 quokkas
  12 bats
  A giant newt (D:2)
  14 goblins
  40 kobolds
  13 rats
  A plant (D:4)
325 creatures vanquished.

Notes
Turn   | Place    | Note
--------------------------------------------------------------
     0 | D:1      | Golfball, the Gargoyle Berserker, began the quest for the Orb.
     0 | D:1      | Reached XP level 1. HP: 14/14 MP: 1/1
   427 | D:1      | Reached XP level 2. HP: 19/19 MP: 2/2
   795 | D:1      | Reached skill level 4 in Fighting
   824 | D:1      | Acquired Trog's second power
   933 | D:1      | Reached XP level 3. HP: 24/24 MP: 3/3
  1604 | D:2      | Reached XP level 4. HP: 29/29 MP: 4/4
  2169 | D:3      | Found a sacrificial altar of Ru.
  2357 | D:3      | Found a sparkling altar of Nemelex Xobeh.
  2708 | D:4      | Reached skill level 5 in Maces & Flails
  2708 | D:4      | Reached XP level 5. HP: 30/33 MP: 5/5
  2737 | D:4      | Found a shadowy altar of Dithmenos.
  2877 | D:4      | Reached skill level 6 in Maces & Flails
  2887 | D:4      | Reached XP level 6. HP: 36/38 MP: 6/6
  3058 | D:4      | Reached skill level 7 in Maces & Flails
  3391 | D:4      | Noticed a big kobold
  3414 | D:4      | Killed a big kobold
  3425 | D:4      | Acquired Trog's third power
  3622 | D:4      | Noticed an ogre
  3628 | D:4      | Killed an ogre
  3628 | D:4      | Reached XP level 7. HP: 43/43 MP: 7/7
  3778 | D:4      | Reached skill level 8 in Maces & Flails
  3986 | D:5      | Entered Level 5 of the Dungeon
  4017 | D:5      | Found a basalt altar of Yredelemnul.
  4116 | D:5      | Found a snail-covered altar of Cheibriados.
  4220 | D:5      | Reached skill level 9 in Maces & Flails
  4228 | D:5      | Reached XP level 8. HP: 44/48 MP: 8/8
  4563 | D:5      | Reached skill level 10 in Maces & Flails
  4724 | D:5      | Reached skill level 1 in Throwing
  4737 | D:5      | Reached XP level 9. HP: 21/52 MP: 9/9
  4932 | D:5      | Received a gift from Trog
  5061 | D:5      | Gained mutation: You are clumsy. (Dex -2) [helix card]
  5306 | D:5      | Found an opulent altar of Gozag.
  5614 | D:6      | Noticed Ijyb
  5641 | D:6      | Killed Ijyb
  5898 | D:6      | Reached skill level 5 in Armour
  6033 | D:6      | Reached skill level 5 in Fighting
  6361 | D:6      | Found a white marble altar of Elyvilon.
  6362 | D:6      | Found a glowing golden altar of the Shining One.
  6363 | D:6      | Found a glowing silver altar of Zin.
  6472 | D:7      | Found a staircase to the Ecumenical Temple.
  6486 | Temple   | Entered the Ecumenical Temple
  6729 | D:7      | Found a bloodstained altar of Trog.
  6930 | D:7      | Gained mutation: You expend magic power (3 MP) to slightly strengthen your wands. [potion of mutation]
  6930 | D:7      | Lost mutation: You are clumsy. (Dex -2) [potion of mutation]
  6930 | D:7      | Gained mutation: Your natural rate of healing is unusually fast. [potion of mutation]
  6936 | D:7      | Found a glowing silver altar of Zin.
  6952 | D:7      | Found a deep blue altar of Sif Muna.
  6952 | D:7      | Noticed Dowan
  6953 | D:7      | Noticed Duvessa
  6957 | D:7      | Killed Dowan
  6963 | D:7      | Killed Duvessa
  6973 | D:7      | Identified Sif Muna's Almanac of Confrontation
  6979 | D:7      | Found a radiant altar of Vehumet.
  6983 | D:7      | Found an ancient bone altar of Kikubaaqudgha.
  7018 | D:7      | Received a gift from Trog
  7151 | D:7      | Reached XP level 10. HP: 60/60 MP: 10/10
  7712 | D:8      | Identified a scroll of acquirement
  7886 | D:8      | Reached skill level 1 in Evocations
  8200 | D:8      | Reached skill level 5 in Dodging
  8589 | D:8      | Reached skill level 11 in Maces & Flails
  8913 | D:8      | Received a gift from Trog
  9123 | D:9      | Noticed Blork the orc
  9133 | D:9      | Killed Blork the orc
  9161 | D:9      | Noticed Prince Ribbit
  9188 | D:9      | Killed Prince Ribbit
  9434 | D:9      | Reached XP level 11. HP: 58/67 MP: 17/17
  9730 | D:10     | Entered Level 10 of the Dungeon
  9804 | D:10     | Found Stroum's Assorted Antiques.
  9814 | D:10     | Bought a dented golden amulet for 160 gold pieces
  9814 | D:10     | Bought a scroll of teleportation for 96 gold pieces
  9814 | D:10     | Bought a scroll of teleportation for 96 gold pieces
  9833 | D:10     | Noticed Fannar
  9845 | D:10     | Killed Fannar
 10090 | D:10     | Noticed an orc knight
 10153 | D:10     | Killed an orc knight
 10208 | D:10     | Noticed a hill giant
 10225 | D:10     | Slain by a hill giant

Action                   |  1- 3 |  4- 6 |  7- 9 | 10-12 || total
-------------------------+-------+-------+-------+-------++-------
Melee: Mace              |   129 |   285 |   293 |       ||   707
       Flail             |       |       |   124 |   632 ||   756
Throw: Tomahawk          |       |       |     5 |     2 ||     7
Invok: Berserk           |     1 |     2 |     7 |     4 ||    14
       Trog's Hand       |     1 |     1 |     7 |     4 ||    13
       Burn Spellbooks   |       |       |     4 |     1 ||     5
       Brothers in Arms  |       |       |       |     1 ||     1
 Abil: Evoke Invisibilit |       |       |       |     1 ||     1
Evoke: Deck              |       |       |     1 |       ||     1
  Use: Scroll            |     5 |     5 |     7 |    11 ||    28
       Potion            |       |       |     3 |    11 ||    14
 Stab: Invisible         |       |       |       |     1 ||     1
  Eat: Chunk             |     4 |     8 |    15 |    12 ||    39
       Pizza             |       |       |     1 |     2 ||     3
       Bread ration      |       |       |     1 |       ||     1
       Beef jerky        |       |       |       |     1 ||     1
